Map: Abyssal Reef LE

Players

MaNa - Winner!

  • Race: Protoss Protoss
  • Spawn Location: 5:00

Pono

  • Race: Zerg Zerg
  • Spawn Location: 11:00

Event: WCS Montreal 2017

VOD

Have the link to the VOD?

Description

Time

  • Played on: Sept. 8, 2017, 12:53 p.m.
  • Length: 9:23

All games in this series

Show
View Real Time Build Order
Export as new Build Order

MaNa Protoss - Winner!

Build Orders: 1 Gate Expand, Oracle Opening 

Get SALT Encoding   

  12  0:00  Probe (Chrono Boost)  
  13  0:11  Probe (Chrono Boost)  
  14  0:18  Pylon  
  14  0:22  Probe (Chrono Boost)  
  15  0:36  Probe (Chrono Boost)  
  15  0:40  Gateway  
  16  0:47  Probe (Chrono Boost)  
  16  0:49  Assimilator  
  17  0:57  Probe (Chrono Boost)  
  18  1:08  Probe (Chrono Boost)  
  20  1:23  Nexus  
  19  1:34  Cybernetics Core  
  19  1:37  Probe (Chrono Boost)  
  20  1:43  Assimilator  
  20  1:47  Probe (Chrono Boost)  
  21  1:54  Pylon  
  21  1:58  Probe (Chrono Boost)  
  22  2:09  Probe (Chrono Boost)  
  22  2:12  Adept (Chrono Boost)  
  25  2:19  Probe (Chrono Boost)  
  26  2:24  Stargate  
  27  2:30  Probe (Chrono Boost)  
  27  2:35  Probe  
  28  2:39  Adept (Chrono Boost)  
  28  2:41  Probe  
  31  2:45  Probe  
  32  2:53  Probe (Chrono Boost)  
  32  2:56  Probe (Chrono Boost)  
  34  3:00  Warp Gate  
  34  3:02  Adept (Chrono Boost)  
  34  3:05  Probe (Chrono Boost)  
  37  3:07  Probe (Chrono Boost)  
  37  3:09  Oracle (Chrono Boost)  
  41  3:16  Probe  
  41  3:17  Probe  
  43  3:20  Pylon  
  43  3:28  Probe x2  
  43  3:31  Gateway  
  45  3:39  Probe (Chrono Boost)  
  45  3:41  Probe (Chrono Boost)  
  47  3:43  Void Ray (Chrono Boost)  
  47  3:48  Pylon  
  51  3:50  Probe (Chrono Boost)  
  51  3:52  Probe (Chrono Boost)  
  53  3:56  Assimilator  
  53  3:58  Assimilator  
  53  4:01  Probe (Chrono Boost)  
  54  4:06  Probe (Chrono Boost)  
  55  4:15  Probe (Chrono Boost)  
  55  4:16  Probe (Chrono Boost)  
  57  4:24  Probe  
  57  4:26  Oracle (Chrono Boost)  
  57  4:28  Probe  
  62  4:32  Stargate  
  62  4:37  Nexus  
  62  4:40  Pylon  
  62  4:43  Pylon  
  62  4:56  Probe  
  62  4:58  Probe, Oracle (Chrono Boost)  
  66  5:07  Probe  
  66  5:08  Twilight Council, Forge  
  66  5:10  Probe  
  68  5:14  Nexus  
  68  5:16  Oracle (Chrono Boost)  
  68  5:19  Probe  
  72  5:22  Probe  
  72  5:26  Pylon  
  73  5:30  Pylon  
  73  5:31  Probe (Chrono Boost)  
  73  5:34  Mothership Core (Chrono Boost)  
  76  5:36  Pylon  
  76  5:43  Probe (Chrono Boost)  
  76  5:46  Oracle (Chrono Boost)  
  76  5:48  Oracle (Chrono Boost)  
  83  5:52  Protoss Ground Weapons Level 1 (Chrono Boost)  
  83  5:55  Probe x2 (Chrono Boost)  
  85  5:57  Charge  
  85  6:05  Probe x2 (Chrono Boost)  
  85  6:09  Gateway  
  85  6:10  Gateway  
  87  6:16  Probe x2 (Chrono Boost)  
  89  6:21  Oracle  
  89  6:22  Assimilator  
  89  6:23  Assimilator  
  92  6:26  Probe x2 (Chrono Boost)  
  92  6:31  Probe (Chrono Boost)  
  95  6:34  Oracle  
  95  6:37  Probe x2 (Chrono Boost)  
  100  6:42  Probe (Chrono Boost)  
  100  6:44  Nexus  
  101  6:48  Probe (Chrono Boost)  
  102  6:56  Oracle  
  102  6:58  Probe (Chrono Boost)  
  102  7:01  Probe x2 (Chrono Boost)  
  105  7:09  Probe (Chrono Boost)  
  105  7:10  Oracle  
  105  7:11  Robotics Facility  
  109  7:16  Templar Archives  
  109  7:17  Zealot x4  
  109  7:22  Gateway  
  117  7:25  Gateway, Pylon  
  117  7:26  Gateway  
  117  7:28  Gateway  
  117  7:34  Pylon  
  117  7:41  Forge  
  117  7:43  Psionic Storm  
  117  7:48  Probe x2  
  119  7:56  Oracle x2  
  125  8:00  Zealot x4  
  133  8:08  Assimilator, Immortal  
  137  8:13  Assimilator  
  137  8:18  Pylon  
  137  8:19  Probe  
  137  8:20  Probe x2  
  137  8:25  High Templar x2  
  144  8:28  Pylon  
  140  8:37  Zealot x3  
  140  8:38  Zealot x2  
  150  8:41  Oracle (Chrono Boost)  
  150  8:43  Oracle (Chrono Boost)  
  156  8:50  Pylon  
  156  8:56  Gateway  
  156  8:57  Gateway  
  156  8:59  Gateway  
  156  9:00  High Templar x2  
  160  9:05  Zealot x2  
Show
View Real Time Build Order
Export as new Build Order

Pono Zerg 

Build Orders: Pool First 

Get SALT Encoding   

  12  0:00  Drone  
  13  0:12  Overlord  
  13  0:17  Drone  
  14  0:31  Drone x2  
  14  0:34  Drone  
  17  0:47  Spawning Pool  
  16  0:50  Drone  
  16  0:56  Drone  
  18  1:22  Hatchery  
  18  1:25  Drone x2  
  19  1:33  Queen  
  19  1:38  Extractor  
  19  1:39  Drone  
  21  1:45  Overlord  
  21  2:04  Drone x2  
  23  2:09  Queen  
  25  2:15  Drone  
  26  2:33  Queen  
  26  2:35  Drone x3  
  31  2:47  Hatchery  
  30  2:52  Metabolic Boost  
  30  2:55  Drone  
  31  2:59  Overlord  
  31  3:05  Overlord  
  31  3:07  Drone  
  32  3:25  Drone x4  
  32  3:26  Drone x2  
  38  3:32  Extractor  
  37  3:35  Roach Warren  
  37  3:41  Drone x2  
  38  3:54  Zergling x10  
  43  4:00  Drone x4  
  43  4:02  Spore Crawler  
  46  4:06  Spore Crawler  
  41  4:14  Drone  
  41  4:15  Drone x3  
  40  4:26  Queen  
  40  4:30  Spore Crawler  
  41  4:35  Drone  
  41  4:37  Spore Crawler  
  41  4:38  Drone  
  41  4:42  Drone  
  41  4:44  Drone  
  40  5:01  Drone x7  
  46  5:11  Lair  
  46  5:13  Drone x2  
  48  5:17  Overlord  
  48  5:21  Overlord  
  48  5:37  Zergling x10  
  48  5:38  Zergling x8  
  48  5:42  Drone x2  
  59  5:43  Drone  
  59  5:44  Drone  
  59  5:47  Overlord  
  61  6:10  Drone x6  
  63  6:20  Queen x2, Hydralisk Den  
  58  6:34  Queen  
  58  6:39  Spore Crawler  
  59  6:43  Spore Crawler x3  
  56  6:59  Drone  
  56  7:00  Drone x15  
  59  7:06  Drone x5  
  64  7:13  Overlord, Muscular Augments  
  64  7:14  Overlord, Hydralisk x2  
  68  7:16  Hydralisk  
  70  7:29  Hydralisk x2  
  73  7:39  Hydralisk x4  
  73  7:40  Hydralisk x2  
  83  7:50  Drone x2  
  83  7:51  Drone x4  
  70  7:58  Hydralisk x2  
  70  7:59  Hydralisk x2  
  70  8:05  Hydralisk x2  
  82  8:14  Queen  
  82  8:18  Hydralisk x2  
  88  8:21  Overlord x2  
  88  8:38  Overlord x2  
  88  8:41  Hydralisk x5  
  88  8:46  Zergling x4  
  88  8:47  Zergling x4  
  102  8:57  Zergling x2  
  102  8:58  Zergling x14  
  110  9:03  Zergling x2  
  110  9:05  Zergling x8  
Tags
 
Add a new tag
Caveats
  • Supply blocks, unpowered buildings, or Contaminate may cause inaccurate times.
  • Supply counts are checked every 10 seconds.